Unix NetHack Version 5.0.0-0 post-release - last build Jul 19 2026 19:10:59 (3aa4ab31751d3886436d94b585a96704892fd477,branch:main).

Game began 2026-07-21 02:30:58, ended 2026-07-21 20:45:12.

IanCurtis, chaotic male elven Wizard

  ------------
  |...f@u....|
  |.*.h...<..|
  ----|--.-.--
      #
      f
      #

IanCurtis the Thaumaturge  St:11 Dx:15 Co:13 In:19 Wi:10 Ch:11  Chaotic
Dlvl:8  $:2343 HP:0(40) Pw:36(55) AC:8  Xp:6 T:3488 

Latest messages:
 With great effort you move the boulder.
 You hear someone cursing shoplifters.
 You find a hidden door.
 This door is locked.
 Unlock it with your key? [ynq] (q) y
 You succeed in unlocking the door.
 In what direction? j
 The door resists!
 The door opens.
 Please move the cursor to a monster, object or location.
 (For instructions type a '?')
 The kitten misses the gnome lord.
 The kitten bites the gnome lord.
 The gnome lord misses the kitten.
 In what direction? u
 The spell hits the gnome lord!
 The gnome lord hits!
 The kitten bites the gnome lord.
 The gnome lord hits the kitten.
 You hit the gnome lord.
 The gnome lord hits!
 You kill the gnome lord!
 Your kitten eats a gnome lord corpse.
 You swap places with your kitten.
 You see here 9 gold pieces.
 $ - 9 gold pieces (2343 in total).
 You descend the stairs.
 You see here a yellowish brown gem.
 You hear a chugging sound.
 The dwarf throws a stout spear!
 You are hit by a stout spear!
 The dwarf wields a broad short sword!
 In what direction? j
 The spell misses the dwarf.
 You see here a stout spear.
 In what direction? j
 The spell misses the dwarf.
 You miss the dwarf.
 The dwarf thrusts his broad short sword.
 The dwarf hits!
 In what direction? j
 The spell misses the dwarf.
 The dwarf picks up a stout spear.
 You hear bubbling water.
 The gray unicorn butts!
 The gray unicorn kicks!
 The gray unicorn butts!
 The gray unicorn kicks!
 You die...
 Do you want your possessions identified? [ynq] (y) q

Inventory:
 Coins    ('$')
  $ - 2343 gold pieces
 Amulets  ('"')
  q - a cursed amulet of strangulation
 Weapons  (')')
  v - the blessed +3 Sting
  a - a blessed +1 quarterstaff (weapon in hands)
 Armor    ('[')
  s - a blessed +0 orcish helm (being worn)
  G - a blessed +2 cloak of invisibility
  b - an uncursed +0 cloak of magic resistance (being worn)
 Comestibles  ('%')
  z - an uncursed eucalyptus leaf
  L - 3 uncursed tripe rations
 Scrolls  ('?')
  V - a blessed scroll of amnesia
  t - an uncursed scroll of blank paper
  P - an uncursed scroll of destroy armor
  j - 2 uncursed scrolls of enchant weapon
  i - an uncursed scroll of identify
 Potions  ('!')
  N - an uncursed potion of gain ability
  D - a blessed potion of healing
  T - an uncursed potion of healing
  F - an uncursed potion of levitation
  f - 2 uncursed potions of water
  g - an uncursed potion of water
  h - an uncursed potion of water
 Rings    ('=')
  E - an uncursed ring of conflict
  U - an uncursed ring of conflict
  r - a cursed -1 ring of gain strength
  e - an uncursed +1 ring of increase accuracy
  y - an uncursed ring of slow digestion
  Q - an uncursed ring of sustain ability
  M - a cursed ring of warning named cursed
 Wands    ('/')
  u - a wand of digging (0:8)
  m - a wand of digging (0:7)
  R - a wand of digging (0:6)
  W - a wand of light (0:14)
  c - a wand of secret door detection (0:13)
 Tools    ('(')
  p - an uncursed leather drum
  o - an uncursed blindfold
  n - a magic marker (0:21)
  l - an uncursed oil lamp
  d - a +0 pick-axe
  k - an uncursed skeleton key
  B - an uncursed partly used tallow candle

IanCurtis the Wizard's attributes:

Background:
 You were a Thaumaturge, a level 6 male elven Wizard.
 You were chaotic, nominally on a mission for Anhur
 who was opposed by Ptah (lawful) and Thoth (neutral).
 You were right-handed.
 You were in the Dungeons of Doom, on level 8.
 You entered the dungeon 3488 turns ago.
 You had 564 experience points, 76 more were needed to attain level 7.

Basics:
 You had 0 out of 40 hit points.
 You had 36 out of 55 energy points (spell power).
 Your armor class was 8.
 Your wallet contained 2343 zorkmids.
 Autopickup was off.

Final Characteristics:
 Your strength was 11 (limit:18).
 Your dexterity was 15 (limit:18).
 Your constitution was 13 (limit:16).
 Your intelligence was 19 (limit:20).
 Your wisdom was 10 (limit:20).
 Your charisma was 11 (limit:18).

Final Status:
 You weren't hungry.
 You were unencumbered.
 You were wielding a quarterstaff.
 You had basic skill with quarterstaff.

Final Attributes:
 You were stridently aligned.
 You were magic-protected.
 You were sleep resistant.
 You had infravision.
 You were warded.
 You are dead.

Miscellaneous:
 You didn't encounter any bones levels.
 Total elapsed playing time was 1 hour, 1 minute and 11 seconds.

Major events:
 Turn
    1: IanCurtis the chaotic male elven Wizard entered the dungeon
  829: attained the rank of Conjurer (level 3)
 1020: entered the Gnomish Mines
 2493: attained the rank of Thaumaturge (level 6)
 3013: chose an elven dagger to be named "Sting"
 3488: killed by a gray unicorn

Spells:
 Name                 Level Category     Fail Retention
 force bolt             1   attack         0%   81%-90%
 wizard lock            2   matter        41%  76%-100%
 restore ability        4   healing       98%  76%-100%

Skills:
 Fighting Skills
   bare handed combat [Unskilled]
   riding             [Unskilled]
 Weapon Skills
   dagger             [Unskilled]
   knife              [Unskilled]
   axe                [Unskilled]
   short sword        [Unskilled]
   club               [Unskilled]
   mace               [Unskilled]
   quarterstaff       [Basic]
   polearms           [Unskilled]
   spear              [Unskilled]
   trident            [Unskilled]
   sling              [Unskilled]
   dart               [Unskilled]
   shuriken           [Unskilled]
 Spellcasting Skills
   attack spells      [Basic]
   healing spells     [Unskilled]
   divination spells  [Unskilled]
   enchantment spells [Basic]
   clerical spells    [Unskilled]
   escape spells      [Unskilled]
   matter spells      [Unskilled]

Voluntary challenges:
 Character rerolling was not enabled.
 You were an atheist.
 You never genocided any monsters.
 You never polymorphed an object.
 You never changed form.
 You used no wishes.
Achievements:
 You attained the rank of Conjurer.
 You entered the Gnomish Mines.
 You entered a shop.
 You attained the rank of Thaumaturge.

 The Dungeons of Doom: levels 1 to 8
    Level 1:
    Level 2:
       Stairs down to The Gnomish Mines.
    Level 3:
    Level 4: "spellbooks by down stair"
       A potion shop, a fountain.
    Level 5:
       A fountain.
    Level 6:
       A weapon shop.
    Level 7: "vault"
       A fountain.
    Level 8: <- You were here.
       Final resting place for
          you, killed by a gray unicorn.
 The Gnomish Mines:
    Level 3:


Vanquished creatures:
  a ghost
  2 small mimics
  a werewolf
  2 gnome mummies
 an ape
 an imp
  3 rock piercers
  a violet fungus
  a gnome leader
  a kitten
  a dwarf
  2 rothes
  a giant bat
  a dwarf zombie
  a wererat
  2 acid blobs
  2 coyotes
  5 hobbits
  a giant rat
  a green mold
  7 gnomes
  a garter snake
  a gnome zombie
  4 geckos
  a jackal
  2 foxes
  a kobold
  3 goblins
  3 grid bugs
  2 bats
  3 lichens
  6 newts
65 creatures vanquished.

No species were genocided or became extinct.

Game over:
                       ----------
                      /          \
                     /    REST    \
                    /      IN      \
                   /     PEACE      \
                  /                  \
                  |    IanCurtis     |
                  |     2343 Au      |
                  | killed by a gray |
                  |     unicorn      |
                  |                  |
                  |                  |
                  |       2026       |
                 *|     *  *  *      | *
        _________)/\\_//(\/(/\)/\//\/|_)_______

Goodbye IanCurtis the Wizard...

You died in The Dungeons of Doom on dungeon level 8 with 4715 points,
and 2343 pieces of gold, after 3488 moves.
You were level 6 with a maximum of 40 hit points when you died.

